 Dungeon Crawl Stone Soup version 0.21-a0-529-g8c7b3f5 (webtiles) character file.

1857 Kusanagi00 the Fighter (level 8, -1/78 HPs)
             Began as a Minotaur Berserker on Dec 10, 2017.
             Was an Elder of Trog.
             Succumbed to Dowan's poison
             ... on level 7 of the Dungeon on Dec 11, 2017.
             The game lasted 00:59:50 (8192 turns).

Kusanagi00 the Fighter (Minotaur Berserker)         Turns: 8192, Time: 00:59:51

Health: -1/78      AC:  9    Str: 23    XL:     8   Next: 89%
Magic:  7/7        EV: 15    Int:  5    God:    Trog [****..]
Gold:   487        SH:  0    Dex: 10    Spells: 7/7 levels left

rFire    + . .     SeeInvis .   a - +1 hand axe
rCold    . . .     Gourm    .   (no shield)
rNeg     . . .     Faith    .   u - +0 ring mail {rF+}
rPois    .         Spirit   .   (helmet restricted)
rElec    .         Reflect  .   (no cloak)
rCorr    .         Harm     .   r - +2 pair of gloves
MR       +....                  (no boots)
Stlth    ..........             (no amulet)
HPRegen  0.23/turn              l - +2 ring of evasion
MPRegen  0.10/turn              g - ring of protection from magic

@: lethally poisoned (-1 -> -19), fainting
A: retaliatory headbutt, horns 2
a: Berserk, Trog's Hand, Brothers in Arms, Burn Spellbooks, Renounce Religion


You were on level 7 of the Dungeon.
You worshipped Trog.
Trog was greatly pleased with you.
You were fainting.

You visited 1 branch of the dungeon, and saw 10 of its levels.

You collected 487 gold pieces.

Inventory:

Hand Weapons
 a - a +1 hand axe (weapon)
 x - a +1 long sword of draining
 A - a +0 hand axe
Missiles
 I - 13 needles of sleeping (quivered)
Armour
 r - a +2 pair of gloves (worn)
 u - a +0 ring mail of fire resistance (worn)
Jewellery
 g - a ring of protection from magic (right hand)
 l - a +2 ring of evasion (left hand)
 o - a +2 ring of slaying
 p - an uncursed ring of wizardry
 G - an uncursed ring of positive energy {unknown}
 J - the ring of Lunuisidgh {Wiz MR- Str+3 Int+2 Dex+4}
   (You found it on level 5 of the Dungeon)

   [ring of wizardry]

   It improves your spell success rate.
   It affects your strength (+3).
   It affects your intelligence (+2).
   It affects your dexterity (+4).
   It affects your resistance to hostile enchantments.
Wands
 e - a wand of iceblast (9)
 y - a wand of flame (27)
 B - a wand of polymorph (9)
 F - a wand of digging (12)
Scrolls
 n - 4 scrolls of remove curse
 t - 2 scrolls of teleportation
 w - a scroll of fear
 L - a scroll of random uselessness
Potions
 b - a potion of invisibility {unknown}
 d - 2 potions of lignification
 h - a potion of mutation
 i - 4 potions of curing
 j - a potion of haste
 k - 2 potions of brilliance
 q - a potion of might {unknown}
 z - a potion of cancellation
 D - a potion of magic
 E - 2 potions of heal wounds
 H - 4 potions of flight {unknown}
 K - a potion of berserk rage {unknown}
Books
 f - a book of Geomancy

   Spells                             Type                      Level
   a - Sandblast                      Earth                        1
   b - Passwall                       Transmutation/Earth          2
   c - Stone Arrow                    Conjuration/Earth            3
   d - Petrify                        Transmutation/Earth          4
   e - Lee's Rapid Deconstruction     Earth                        5
   Trog disapproves of the use of such an item.
 v - Sif Muna's Reference Book on Summoning
   (You found it on level 3 of the Dungeon)

   Spells                             Type                      Level
   a - Summon Small Mammal            Summoning                    1
   Trog disapproves of the use of such an item.
 C - a book of Debilitation

   Spells                             Type                      Level
   a - Corona                         Hexes                        1
   b - Slow                           Hexes                        2
   c - Inner Flame                    Hexes/Fire                   3
   d - Portal Projectile              Hexes/Translocation          3
   e - Cause Fear                     Hexes                        4
   f - Leda's Liquefaction            Hexes/Earth                  4
   Trog disapproves of the use of such an item.
Comestibles
 c - a bread ration
 m - 5 fruits
 s - 3 meat rations


   Skills:
 * Level 9.0 Fighting
 + Level 3.9 Long Blades
 + Level 7.3 Axes
 + Level 6.2 Armour
 + Level 5.5 Dodging
 - Level 0.1 Stealth


You had 7 spell levels left.
You didn't know any spells.

Dungeon Overview and Level Annotations

Branches:
Dungeon (10/15)            Temple (0/1) D:7
   Lair: D:8-11         Orc: D:9-12

Altars:
Cheibriados
Dithmenos
Fedhas
Kikubaaqudgha
Qazlal
Sif Muna
Trog
Vehumet
Zin

Annotations:
D:3 1 runed door
D:7 Dowan, Duvessa


Innate Abilities, Weirdness & Mutations

You reflexively headbutt those who attack you in melee.
You have a pair of horns on your head.


Message History

* * * LOW HITPOINT WARNING * * *
You are more poisoned.
You hit Dowan but do no damage.
Dowan is heavily wounded.
You hit Duvessa.
* * * LOW HITPOINT WARNING * * *
You feel sick. Duvessa hits you but does no damage. Dowan misses you.
You hit Dowan. Your headbutt misses Dowan.
Dowan is severely wounded.
You hit Duvessa but do no damage.
* * * LOW HITPOINT WARNING * * *
You feel sick.
Duvessa says, "Where magic fails, the sword succeeds!"
Duvessa hits you but does no damage. Dowan closely misses you.
* * * LOW HITPOINT WARNING * * *
You feel sick.
* * * LOW HITPOINT WARNING * * *
You feel sick.
Duvessa says, "Practise, practise, practise!
One day you'll be as good as me."
You die...

..........#....#....###'##
...$......#....#....#.....
..........#....#....#.....
..........#....#....#.....
..........#...)#[...#.....
..........#.........#.....
.....##..e#....###.##.....
###+####.e.#..........#####
#.........@#..........# #
#..........#..........#
#.....................#
############........(.#
############


You could see Duvessa and Dowan.

Vanquished Creatures
  Prince Ribbit (D:8)
  Grinder (D:6)
  Sigmund (D:4)
  An ogre (D:6)
  A centaur (D:5)
  3 bullfrogs
  2 jellies
  4 scorpions
  2 crimson imps
  A centaur zombie (D:6)
  A hound (D:6)
  5 orc wizards
  An orc priest (D:7)
  2 iguanas
  Natasha (thrice) (D:3 D:4)
  3 worker ants
  A hound zombie (D:6)
  A howler monkey skeleton (D:5)
  5 adders
  A shadow imp (D:5)
  An ooze (D:1)
  3 worms
  3 dart slugs (D:1)
  2 leopard geckos
  17 orcs
  A ball python (D:4)
  9 giant cockroaches
  10 goblins
  5 hobgoblins
  11 jackals
  5 kobolds
  A quokka (D:2)
  6 bats
  7 frilled lizards
  A jackal skeleton (D:5)
  A quokka skeleton (D:5)
  8 rats
  2 bushes (D:3)
  A fungus (D:3)
  8 plants (D:3)
142 creatures vanquished.

Notes
Turn   | Place    | Note
-------+----------+-------------------------------------------
     0 | D:1      | Kusanagi00 the Minotaur Berserker began the quest for the Orb.
     0 | D:1      | Reached XP level 1. HP: 19/19 MP: 0/0
   158 | D:1      | Reached XP level 2. HP: 25/27 MP: 1/1
   233 | D:1      | Reached skill level 4 in Fighting
   510 | D:1      | Reached XP level 3. HP: 33/33 MP: 2/2
   523 | D:1      | Reached ** piety under Trog
  2114 | D:3      | Noticed a bullfrog
  2119 | D:3      | Killed a bullfrog
  2119 | D:3      | Reached skill level 5 in Axes
  2119 | D:3      | Reached XP level 4. HP: 41/41 MP: 3/3
  2168 | D:3      | Reached skill level 5 in Fighting
  2168 | D:3      | Reached XP level 5. HP: 35/48 MP: 4/4
  2541 | D:3      | Found a glowing silver altar of Zin.
  2541 | D:3      | Found a runed door.
  2541 | D:3      | Noticed an angel
  2573 | D:3      | Noticed Natasha
  2587 | D:3      | Killed Natasha
  2618 | D:3      | Noticed Natasha
  2629 | D:3      | Killed Natasha
  2629 | D:3      | Reached XP level 6. HP: 34/57 MP: 5/5
  2711 | D:3      | Reached *** piety under Trog
  2803 | D:3      | Found a radiant altar of Vehumet.
  2804 | D:3      | Found an ancient bone altar of Kikubaaqudgha.
  2816 | D:3      | Found a deep blue altar of Sif Muna.
  2822 | D:3      | Identified Sif Muna's Reference Book on Summoning
  2981 | D:3      | Found a stormy altar of Qazlal.
  2984 | D:3      | Found a blossoming altar of Fedhas.
  3369 | D:4      | Noticed Sigmund
  3387 | D:4      | Killed Sigmund
  3387 | D:4      | Reached skill level 6 in Fighting
  3465 | D:4      | Noticed Natasha
  3479 | D:4      | Killed Natasha
  3561 | D:4      | Found a shadowy altar of Dithmenos.
  4113 | D:5      | Entered Level 5 of the Dungeon
  4374 | D:5      | Reached XP level 7. HP: 56/64 MP: 6/6
  4803 | D:5      | Reached skill level 1 in Long Blades
  5078 | D:5      | Reached skill level 7 in Fighting
  5471 | D:5      | Got a faintly glowing wooden ring
  5472 | D:5      | Identified the ring of Lunuisidgh {Wiz MR- Str+3 Int+2 Dex+4} (You found it on level 5 of the Dungeon)
  5948 | D:6      | Reached skill level 5 in Armour
  6004 | D:6      | Found a snail-covered altar of Cheibriados.
  6247 | D:6      | Noticed Grinder
  6263 | D:6      | Killed Grinder
  6263 | D:6      | Reached XP level 8. HP: 32/74 MP: 7/7
  6269 | D:6      | Reached **** piety under Trog
  6599 | D:6      | Reached skill level 8 in Fighting
  6609 | D:6      | Found a bloodstained altar of Trog.
  6905 | D:6      | Reached skill level 5 in Dodging
  7396 | D:7      | Found a staircase to the Ecumenical Temple.
  7473 | D:7      | You fall through a shaft for 3 floors!
  7473 | D:10     | Entered Level 10 of the Dungeon
  7512 | D:8      | Noticed Prince Ribbit
  7549 | D:8      | Killed Prince Ribbit
  7609 | D:7      | Reached skill level 9 in Fighting
  8155 | D:7      | Noticed Dowan
  8156 | D:7      | Noticed Duvessa
  8171 | D:7      | Paralysed by fainting for 11 turns
  8190 | D:7      | HP: 3/78 [poisoned by Dowan]
  8191 | D:7      | HP: 1/78 [poisoned by Dowan]
  8192 | D:7      | Succumbed to Dowan's poison

Vault maps used:
D:1:      sevenhm_arrival_forest_fort_large_4
D:2:      first_bread, minmay_split_cup_small
D:3:      grunt_temple_overflow_forces_of_nature,
          grunt_temple_overflow_magic_moments, st_stairs_9, lemuel_angel_altar,
          uniq_natasha
D:4:      minmay_misc_feat_iff, nicolae_dithmenos_shadow_blocks, uniq_sigmund
D:5:      cheibrodos_barr_body, hangedman_abyss_or_decor_stabs
D:6:      slow_altar_1, bloody_trog, uniq_grinder
D:7:      minmay_temple_entry_purple_smoke, uniq_duvessa
D:8:      uniq_prince_ribbit1
D:9:      grunt_temple_overflow_champion_of_chaos,
          minmay_overflow_temple_star_hex, grunt_livestock, uniq_erica
D:10:     serial_shops, shop, kennysheep_generic_room_8

Skill      XL: |  1  2  3  4  5  6  7  8 |
---------------+-------------------------+-----
Axes           | 4 5 6 7 |  7.3
Fighting       | 4 5 6 7 9 |  9.0
Armour         | 3 4 5 6 |  6.2
Dodging        | 3 4 5 |  5.5
Long Blades    | 2 3 |  3.9
Stealth        | |  0.1

Action                   |  1- 3 |  4- 6 |  7- 9 || total
-------------------------+-------+-------+-------++-------
Melee: Hand axe          |   105 |   207 |   220 ||   532
       Headbutt          |    19 |    56 |    31 ||   106
Invok: Berserk           |       |     2 |     3 ||     5
Evoke: Wand              |       |       |     5 ||     5
  Use: Scroll            |     7 |     9 |     5 ||    21
       Potion            |       |       |     1 ||     1
  Eat: Bread ration      |     1 |     1 |       ||     2
       Chunk             |       |     1 |     6 ||     7
       Royal jelly       |       |     2 |     2 ||     4
       Fruit             |       |       |     1 ||     1
Armor: Animal skin       |    10 |       |       ||    10
       Ring mail         |    14 |    27 |    70 ||   111
Dodge: Dodged            |    73 |    49 |   162 ||   284

Table legend:
 A = Spawn XP
 B = Non-spawn XP
 C = Spawn XP percentage of total XP
 D = Spawn monster count
 E = Non-spawn monster count
 F = Spawn count percentage of total count
 G = Total turns spent on level
                    A         B        C        D         E        F      G
               +---------+---------+-------+---------+---------+-------+---------
         Total |       0 |    2653 |   0.0 |       0 |     131 |   0.0 |  8192
               +---------+---------+-------+---------+---------+-------+---------
           D:1 |       0 |      56 |   0.0 |       0 |      26 |   0.0 |   989
           D:2 |       0 |      34 |   0.0 |       0 |      20 |   0.0 |  1059
           D:3 |       0 |     311 |   0.0 |       0 |      28 |   0.0 |  1296
           D:4 |       0 |     310 |   0.0 |       0 |       7 |   0.0 |   773
           D:5 |       0 |     426 |   0.0 |       0 |      23 |   0.0 |  1807
           D:6 |       0 |     813 |   0.0 |       0 |      17 |   0.0 |  1142
           D:7 |       0 |     162 |   0.0 |       0 |       5 |   0.0 |  1000
           D:8 |       0 |     501 |   0.0 |       0 |       4 |   0.0 |    87
           D:9 |       0 |      40 |   0.0 |       0 |       1 |   0.0 |     7
               +---------+---------+-------+---------+---------+-------+---------
